 Dungeon Crawl Stone Soup version 0.24-a0-184-gcb5ae2c (webtiles) character file.

Game seed: 7253335240350541838

40 Dfrag the Firebug (level 3, 0/24 HPs)
             Began as a Demonspawn Fire Elementalist on Mar 15, 2019.
             Killed from afar by Sigmund (2 damage)
             ... with a puff of flame
             ... on level 2 of the Dungeon.
             The game lasted 00:01:53 (992 turns).

Dfrag the Firebug (Demonspawn Fire Elementalist)     Turns: 992, Time: 00:01:53

Health: 0/24       AC:  3    Str:  8    XL:     3   Next: 30%
Magic:  6/6        EV: 12    Int: 17    God:
Gold:   49         SH:  0    Dex: 13    Spells: 3/7 levels left

rFire    . . .     SeeInvis .   b - +1 short sword (venom)
rCold    . . .     Gourm    .   (no shield)
rNeg     . . .     Faith    .   a - +0 robe
rPois    .         Spirit   .   h - +0 helmet
rElec    .         Reflect  .   (no cloak)
rCorr    .         Harm     .   (no gloves)
MR       .....                  (no boots)
Stlth    ++........             (no amulet)
HPRegen  0.08/turn              (no ring)
MPRegen  0.10/turn              (no ring)

@: no status effects
A: demonic guardian 1
a: no special abilities


You were on level 2 of the Dungeon.
You were hungry.

You visited 1 branch of the dungeon, and saw 2 of its levels.

You collected 49 gold pieces.

Inventory:

Hand Weapons
 b - a +1 short sword of venom (weapon)
Armour
 a - a +0 robe (worn)
 h - a +0 helmet (worn)
Scrolls
 d - 3 scrolls of identify {unknown}
 e - 3 scrolls of teleportation {unknown}
 f - a scroll of fog {unknown}
 i - a scroll of immolation {unknown}
 j - a scroll of remove curse {unknown}
 k - a scroll of fear {unknown}
Potions
 g - a potion of degeneration {unknown}
Comestibles
 c - 5 rations


   Skills:
 - Level 1.7 Dodging
 - Level 1.7 Stealth
 + Level 2.5 Spellcasting
 + Level 2.0 Conjurations
 + Level 3.2 Fire Magic


You had 3 spell levels left.
You knew the following spells:

 Your Spells              Type           Power        Failure   Level  Hunger
a - Flame Tongue          Conj/Fire      ##...        6%          1    #......
b - Conjure Flame         Conj/Fire      ##......     19%         3    ###....

Your spell library contained the following spells:

 Spells                   Type           Power        Failure   Level  Hunger
 Throw Flame              Conj/Fire      ##....       10%         2    ##.....
 Inner Flame              Hex/Fire       #.......     28%         3    ###....
 Sticky Flame             Conj/Fire      ##......     52%         4    #####..
 Fireball                 Conj/Fire      ##........   86%         5    ######.


Dungeon Overview and Level Annotations

Branches:
Dungeon (2/15)

Altars:

Annotations:
D:2 1 runed translucent door, Crazy Yiuf, Sigmund


Innate Abilities, Weirdness & Mutations

A weak demonic guardian rushes to your aid.


Message History

Your quasit closely misses the hobgoblin.
What are your orders? t - Shout!
Orders for allies: a - Attack new target. r - Retreat! s - Stop attacking. g - Guard the area. f - Follow me.
Anything else - Cancel.
Gang up on whom?
Press: ? - help, Dir - move target cursor There's nothing there!
Something hits your quasit!
Your quasit dies!
A puff of flame appears from out of thin air!
The puff of flame misses you.
You open the door.
A bat and a kobold come into view.
The kobold throws a stone.
The stone closely misses you.
A puff of flame appears from out of thin air!
The puff of flame hits you.
You die...

# ##.##.# #.###.#..#
#.#.#.g....#
####.##.#....#...#
...#.##.###.g#...#
...#......#...g..#
...#......#.###..#
..............#..#
............#.##@#
...........##...>.....b.
........................
.....####..###..(.......
...<.####...............
...#....#.####.#........
...####.#...##.........K
######.........#######.#
#.............


You could see a hobgoblin, a bat (sleeping) and a kobold.

Vanquished Creatures
  A dart slug (D:1)
  3 leopard geckos (D:1)
  3 giant cockroaches (D:1)
  7 goblins
  6 hobgoblins
  4 bats
  3 frilled lizards
  4 kobolds (D:1)
  2 rats (D:1)
33 creatures vanquished.

Vanquished Creatures (others)
  7 toadstools (D:1)
7 creatures vanquished.

Grand Total: 40 creatures vanquished

Notes
Turn   | Place    | Note
-------+----------+-------------------------------------------
     0 | D:1      | Dfrag the Demonspawn Fire Elementalist began the quest for
                  | the Orb.
     0 | D:1      | Reached XP level 1. HP: 13/13 MP: 3/3
   274 | D:1      | Gained mutation: A weak demonic guardian rushes to your
                  | aid. [demonic ancestry]
   274 | D:1      | Reached XP level 2. HP: 19/19 MP: 5/5
   378 | D:1      | Reached skill level 3 in Fire Magic
   587 | D:1      | Reached XP level 3. HP: 5/24 MP: 0/6
   924 | D:2      | Found a runed translucent door.
   925 | D:2      | Noticed Crazy Yiuf
   966 | D:2      | Noticed Sigmund
   973 | D:2      | Learned a level 3 spell: Conjure Flame
   979 | D:2      | HP: 1/24 [something (11)]
   992 | D:2      | Killed from afar by Sigmund

Levels and vault maps discovered:
D:1:      nagdon_arrival_double_spiral, layout_loops_ring
D:2:      layout_basic, first_ration, feat_on_display, uniq_crazy_yiuf_cottage,
          uniq_sigmund

Skill      XL: |  1  2  3 |
---------------+----------+-----
Fire Magic     | 3 |  3.2
Conjurations   | 2 |  2.0
Dodging        | |  1.7
Stealth        | |  1.7
Spellcasting   | |  2.5

Action                   || total
-------------------------++-------
Melee: Short sword       ||    51
       Unarmed           ||     1
 Cast: Flame Tongue      ||    33
 Stab: Sleeping          ||     5
Armor: Robe              ||    20
Dodge: Dodged            ||    37

Table legend:
 A = Non-vault XP
 B = Vault XP
 C = Vault XP percentage of total XP
 D = Non-vault monster count
 E = Vault monster count
 F = Vault count percentage of total count
                 A         B        C        D         E       F
            +---------+---------+-------+---------+---------+-------
      Total |      58 |       0 |   0.0 |      33 |       0 |   0.0
            +---------+---------+-------+---------+---------+-------
        D:1 |      45 |       0 |   0.0 |      25 |       0 |   0.0
        D:2 |      13 |       0 |   0.0 |       8 |       0 |   0.0
            +---------+---------+-------+---------+---------+-------
